 Dungeon Crawl Stone Soup version 0.13.0-18-g7b03ea5 (webtiles) character file.

1269 saracen the Covered (level 8, 47/64 HPs)
             Began as a Minotaur Death Knight on Oct 23, 2013.
             Was a Priest of Yredelemnul.
             Starved to death
             ... on Level 6 of the Dungeon.
             The game lasted 00:43:38 (4670 turns).

saracen the Covered (Minotaur Death Knight)         Turns: 4670, Time: 00:43:41

HP  47/64        AC 17     Str 21      XL: 8   Next: 22%
MP   8/8         EV 10     Int  8      God: Yredelemnul [***...]
Gold 53          SH  0     Dex  9      Spells:  0 memorised,  7 levels left

Res.Fire  : + . .   See Invis. : .   i - +1,+3 dwarf war axe
Res.Cold  : x . .   Warding    : .   C - +0 orc chain mail
Life Prot.: . . .   Conserve   : .   (no shield)
Res.Poison: .       Res.Corr.  : .   (helmet restricted)
Res.Elec. : .       Clarity    : .   E - +0 dwarf cloak
Sust.Abil.: . .     Spirit.Shd : .   Y - +2 pair of gloves
Res.Mut.  : .       Stasis     : .   O - +1 pair of dwarf boots
Res.Rott. : .       Flight     : .   b - amulet of the gourmand
Gourmand  : +                        P - +3 ring of evasion
                                     m - ring of fire

@: slightly resistant to hostile enchantments, extremely unstealthy
A: retaliatory headbutt, horns 2
a: Animate Dead, Recall Undead Slaves, Injury Mirror, Renounce Religion


You were on level 6 of the Dungeon.
You worshipped Yredelemnul.
Yredelemnul was most pleased with you.
You were starving.

You visited 2 branches of the dungeon, and saw 7 of its levels.

You collected 153 gold pieces.
You spent 120 gold pieces at shops.

Inventory:

Hand weapons
 a - a +1,+1 hand axe {=f}
 e - a -1,+1 orcish dagger (quivered)
 i - a +1,+3 dwarven war axe (weapon)
 j - a cursed -1,+0 orcish hand axe
 n - a +0,+0 sling
 y - a -1,+1 orcish dagger
 J - a +0,+1 flail of protection
 N - a cursed -1,+0 elven short sword
 R - a +0,+0 dagger
 T - a +0,+0 long sword
Missiles
 f - 13 darts of flame
 p - 18 exploding darts
 r - 12 poisoned arrows
 x - 37 stones
 A - 30 darts
 M - 5 bolts of penetration
Armour
 s - a +0 elven ring mail
 C - a +0 orcish chain mail (worn)
 E - a +0 dwarven cloak (worn)
 F - a +0 cloak
 K - a +0 orcish robe
 O - a +1 pair of dwarven boots (worn)
 S - a +0 ring mail
 V - a +0 ring mail
 W - a +0 ring mail
 Y - a +2 pair of gloves (worn)
Magical devices
 h - a wand of polymorph (7) {unknown}
 I - a wand of magic darts (10) {unknown}
 X - a wand of frost (13) {unknown}
Comestibles
 c - 3 bread rations
 v - a choko
 w - a meat ration
Scrolls
 d - a scroll of immolation {unknown}
 k - 3 scrolls of identify
 q - 5 scrolls of teleportation {unknown}
 t - 5 scrolls of remove curse
 B - 2 scrolls of magic mapping {unknown}
 L - 3 scrolls of random uselessness {unknown}
 Z - a scroll of curse armour {unknown}
Jewellery
 b - an amulet of the gourmand (around neck)
 m - a ring of fire (left hand)
 P - a +3 ring of evasion (right hand)
 U - an uncursed ring of hunger {unknown}
Potions
 g - a potion of restore abilities {unknown}
 l - 2 potions of invisibility {unknown}
 z - 2 potions of curing {unknown}
 D - a potion of might
 H - a potion of paralysis {unknown}


   Skills:
 + Level 4.0 Fighting
 + Level 5.6 Axes
 + Level 7.0 Armour
 + Level 5.7 Dodging
 + Level 1.2 Stealth
 + Level 3.7 Invocations


You had 7 spell levels left.
You didn't know any spells.

Dungeon Overview and Level Annotations

Branches:
Dungeon (6/27)             Temple (1/1) D:5
    Orc: D:6-11

Altars:
Ashenzari
Elyvilon
Fedhas
Kikubaaqudgha
Makhleb
Nemelex Xobeh
Sif Muna
Trog
Vehumet
Xom
Yredelemnul
Zin
the Shining One
Lugonu

Shops:
D:6 ?


Innate Abilities, Weirdness & Mutations

You reflexively headbutt those who attack you in melee.
You have a pair of horns on your head.


Message History

You barely miss the goliath beetle.
You headbutt the goliath beetle, but do no damage.
The goliath beetle is moderately wounded.
You hit the goliath beetle.
The goliath beetle is moderately wounded.
The goliath beetle bites you.
You slash the goliath beetle!
The goliath beetle is heavily wounded.
The goliath beetle closely misses you. You furiously retaliate!
You headbutt the goliath beetle, but do no damage.
You hit the goliath beetle but do no damage.
You headbutt the goliath beetle, but do no damage.
The goliath beetle is heavily wounded.
Your chain mail prevents you from hitting the goliath beetle.
Your headbutt misses the goliath beetle.
The goliath beetle is heavily wounded.
The goliath beetle bites you!
You have starved to death.
You die...
Your body rises from the dead as a mindless zombie.

..# #..#
#..# ...#
#..# #..#
#..# #.B#
#######.@#
.........#
.........#
########.#
#.# #.#
#.# #.#
#.#


You could see a goliath beetle.

Vanquished Creatures
  Grinder (D:4)
  Edmund (D:5)
  Menkaure (D:4)
  A sky beast (D:6)
  A giant frog (D:6)
  3 wights (D:3)
  A centaur skeleton (D:5)
  A crimson imp (D:5)
  A giant frog skeleton (D:4)
  An orc wizard (D:3)
  3 iguanas
  2 scorpions
  3 worker ants
  9 adders
  2 giant eyeballs
  2 giant geckos
  4 orcs
  4 ball pythons
  14 bats
  A bat skeleton (D:4)
  5 giant cockroaches
  10 goblins
  10 hobgoblins
  4 jackals (D:4)
  A quokka (D:3)
  2 giant newts
  7 kobolds
  9 rats
104 creatures vanquished.

Notes
Turn   | Place    | Note
--------------------------------------------------------------
     0 | D:1      | saracen, the Minotaur Death Knight, began the quest for the Orb.
     0 | D:1      | Reached XP level 1. HP: 17/17 MP: 2/2
   117 | D:1      | Reached skill level 3 in Invocations
   151 | D:1      | Reached XP level 2. HP: 18/24 MP: 3/3
   592 | D:2      | Reached XP level 3. HP: 20/29 MP: 4/4
   693 | D:2      | Found a basalt altar of Yredelemnul.
  1049 | D:2      | Acquired Yredelemnul's second power
  1653 | D:3      | Reached XP level 4. HP: 25/37 MP: 5/5
  1657 | D:3      | Reached XP level 5. HP: 15/42 MP: 6/6
  1928 | D:3      | Found a burning altar of Makhleb.
  1932 | D:3      | Found a sparkling altar of Nemelex Xobeh.
  1957 | D:3      | Found a glowing golden altar of the Shining One.
  2097 | D:2      | Found a radiant altar of Vehumet.
  2689 | D:4      | Reached skill level 4 in Armour
  2689 | D:4      | Reached XP level 6. HP: 34/50 MP: 7/7
  2756 | D:4      | Found a shattered altar of Ashenzari.
  2772 | D:4      | Noticed Menkaure
  2779 | D:4      | Killed Menkaure
  3025 | D:4      | Found a bloodstained altar of Trog.
  3026 | D:4      | Noticed Grinder
  3030 | D:4      | Paralysed by a giant eyeball for 3 turns
  3044 | D:4      | Paralysed by a giant eyeball for 3 turns
  3052 | D:4      | Paralysed by Grinder for 6 turns
  3062 | D:4      | Killed Grinder
  3062 | D:4      | Reached skill level 5 in Armour
  3062 | D:4      | Reached XP level 7. HP: 17/56 MP: 8/8
  3068 | D:4      | HP: 2/56 [iguana (4)]
  3069 | D:4      | Reached skill level 5 in Dodging
  3636 | D:5      | Entered Level 5 of the Dungeon
  3695 | D:5      | Paralysed by a giant eyeball for 4 turns
  3704 | D:5      | Paralysed by a giant eyeball for 3 turns
  3748 | D:5      | Reached skill level 6 in Armour
  3748 | D:5      | Reached skill level 1 in Stealth
  3857 | D:6      | Acquired Yredelemnul's third power
  3857 | D:6      | Reached skill level 5 in Axes
  3879 | D:5      | Found a staircase to the Ecumenical Temple.
  3897 | Temple   | Entered the Ecumenical Temple
  4140 | D:5      | Noticed Edmund
  4161 | D:5      | Killed Edmund
  4161 | D:5      | Reached XP level 8. HP: 62/64 MP: 8/8
  4565 | D:6      | Reached skill level 7 in Armour
  4595 | D:6      | Found Safoefuo's Magic Scroll Shop.
  4603 | D:6      | Bought a scroll of remove curse for 45 gold pieces
  4603 | D:6      | Bought a scroll of remove curse for 45 gold pieces
  4603 | D:6      | Bought a scroll of identify for 30 gold pieces
  4670 | D:6      | Starved to death

Action                   |  1- 3 |  4- 6 |  7- 9 || total
-------------------------+-------+-------+-------++-------
Melee: Hand axe          |    81 |     3 |       ||    84
       War axe           |       |    85 |   113 ||   198
  Use: Scroll            |       |     3 |     2 ||     5
       Potion            |       |       |     3 ||     3
